[Event "Eurasia Open Cup 2019"]
[Site "Ekaterinburg"]
[Date "2019.08.08"]
[Round "8.7"]
[White "Cherniaev, Alexander"]
[Black "Khismatullin, Denis"]
[Result "0-1"]
[ECO "B23"]
[WhiteElo "2396"]
[BlackElo "2618"]
[Annotator "ChessBase"]
[PlyCount "88"]
[EventDate "2019.07.31"]
[EventType "swiss"]
[EventCountry "RUS"]
[SourceTitle "playchess.com"]
[Source "ChessBase"]
[SourceQuality "1"]
[TimeControl "5400+30"]

1. e4 c5 2. Nc3 e6 3. Nge2 Nc6 4. g3 d5 5. exd5 exd5 6. d4 Bg4 7. Bg2 Nxd4 8. O-O Nf6 9. h3 Bf3 10. Bxf3 Nxf3+ 11. Kg2 d4 12. Kxf3 Qd7 13. Kg2 O-O-O 14. Qd3 dxc3 15. Qxd7+ Rxd7 16. Nxc3 Bd6 17. Re1 h6 18. Ne4 Nd5 19. Bd2 Be7 20. c4 Nb4 21. Bxb4 cxb4 22. Rad1 Rhd8 23. Rxd7 Rxd7 24. g4 Rd3 25. b3 a5 26. Re2 Rd1 27. Rd2 Re1 28. Kf3 Kc7 29. Ng3 Rc1 30. Nf5 Bg5 31. Ne3 Kc6 32. Kg3 Ra1 33. f4 Be7 34. Nc2 Rg1+ 35. Kf3 Rf1+ 36. Ke4 Bc5 37. h4 g6 38. Ke5 Rh1 39. Kf6 Rxh4 40. Rg2 h5 41. Kxf7 Rxg4 42. Rxg4 hxg4 43. Ne1 Bf2 44. Ng2 Kc5 0-1

[Event "Eurasia Open Cup 2019"]
[Site "Ekaterinburg"]
[Date "2019.08.08"]
[Round "8.8"]
[White "Pogromsky, Mikhail"]
[Black "Alekseev, Evgeny"]
[Result "0-1"]
[ECO "D31"]
[WhiteElo "2414"]
[BlackElo "2645"]
[Annotator "ChessBase"]
[PlyCount "130"]
[EventDate "2019.07.31"]
[EventType "swiss"]
[EventCountry "RUS"]
[SourceTitle "playchess.com"]
[Source "ChessBase"]
[SourceQuality "1"]
[TimeControl "5400+30"]

1. c4 e6 2. Nc3 d5 3. d4 Bb4 4. cxd5 exd5 5. Bf4 c6 6. e3 Bf5 7. Bd3 Bxd3 8. Qxd3 Nf6 9. Nf3 O-O 10. O-O a5 11. a3 Be7 12. h3 Nbd7 13. Ne5 Nb6 14. Qc2 Re8 15. b3 Bf8 16. Bg5 Qd6 17. Qf5 Nbd7 18. Nxd7 Nxd7 19. Bf4 Qe7 20. Bg5 Qe6 21. Qxe6 fxe6 22. Rfd1 e5 23. dxe5 Nxe5 24. Bf4 Nf7 25. a4 Nd8 26. Rab1 Ne6 27. Bg3 Nc5 28. Ne2 Ra6 29. Bc7 Ne4 30. f3 Nc5 31. Kf2 Ne6 32. Be5 Bb4 33. h4 Raa8 34. h5 Re7 35. Nd4 Nc5 36. Bd6 Rf7 37. Bxc5 Bxc5 38. Rbc1 Ba3 39. Rc2 Re8 40. g4 g6 41. hxg6 hxg6 42. f4 Rh7 43. Nf3 Bd6 44. Rcc1 Ba3 45. Rc3 Kg7 46. Kg2 Bb4 47. Rcd3 Rhh8 48. Rh1 Rxh1 49. Kxh1 Bc5 50. Ne5 g5 51. Kg2 Bd6 52. Nc4 Bc7 53. Kf3 gxf4 54. exf4 Rf8 55. Ne3 Rxf4+ 56. Ke2 Kg6 57. Rd1 Bb6 58. Nf5 Bc5 59. Rc1 b6 60. Nh4+ Kf6 61. Rf1 Rxf1 62. Kxf1 Kg5 63. Nf3+ Kxg4 64. Ne5+ Kf4 65. Nxc6 Ke3 0-1

[Event "Eurasia Open Cup 2019"]
[Site "Ekaterinburg"]
[Date "2019.08.08"]
[Round "8.10"]
[White "Gabdrakhmanov, Azat"]
[Black "Zhigalko, Andrey"]
[Result "1-0"]
[ECO "B50"]
[WhiteElo "2111"]
[BlackElo "2549"]
[Annotator "ChessBase"]
[PlyCount "75"]
[EventDate "2019.07.31"]
[EventType "swiss"]
[EventCountry "RUS"]
[SourceTitle "playchess.com"]
[Source "ChessBase"]
[SourceQuality "1"]
[TimeControl "5400+30"]

1. e4 c5 2. Nf3 d6 3. c4 Bg4 4. d4 cxd4 5. Qxd4 Bxf3 6. gxf3 Nc6 7. Qc3 Nf6 8. Be3 g6 9. Qb3 Bg7 10. Be2 Nd7 11. Nc3 Nd4 12. Bxd4 Bxd4 13. Qxb7 O-O 14. Qd5 Bg7 15. Qd2 Rb8 16. Rc1 e6 17. h4 Nc5 18. h5 g5 19. h6 Be5 20. Rg1 Kh8 21. Rxg5 Rxb2 22. Qe3 Qf6 23. Rxe5 Qxe5 24. f4 Qf6 25. e5 Qxh6 26. exd6 Rg8 27. Bf1 Nd7 28. c5 e5 29. c6 Nf6 30. fxe5 Qxe3+ 31. fxe3 Ng4 32. Nd1 Rxa2 33. c7 Nxe5 34. Be2 Rc8 35. Rb1 Nd7 36. Nc3 Rc2 37. Rb3 Nc5 38. Rb8 1-0

[Event "Eurasia Open Cup 2019"]
[Site "Ekaterinburg"]
[Date "2019.08.08"]
[Round "8.11"]
[White "Burmakin, Vladimir"]
[Black "Karpeshov, Oleg"]
[Result "1-0"]
[ECO "D78"]
[WhiteElo "2506"]
[BlackElo "2286"]
[Annotator "ChessBase"]
[PlyCount "105"]
[EventDate "2019.07.31"]
[EventType "swiss"]
[EventCountry "RUS"]
[SourceTitle "playchess.com"]
[Source "ChessBase"]
[SourceQuality "1"]
[TimeControl "5400+30"]

1. d4 Nf6 2. Nf3 d5 3. g3 c6 4. c4 g6 5. Qb3 Bg7 6. Bg2 O-O 7. O-O dxc4 8. Qxc4 Be6 9. Qc2 Bf5 10. Qb3 Qc8 11. Nc3 Ne4 12. Bf4 Nxc3 13. bxc3 Be4 14. Ne5 Bxg2 15. Kxg2 Nd7 16. Nxd7 Qxd7 17. Rab1 b6 18. e4 Rac8 19. Rfd1 e6 20. Be3 f5 21. exf5 Rxf5 22. Kg1 h5 23. Re1 Kh7 24. Bf4 Rd5 25. Re4 Rb5 26. Qc2 Rxb1+ 27. Qxb1 Qd5 28. Qe1 Re8 29. Qe2 b5 30. Be5 Bh6 31. Bf4 Bg7 32. h4 a5 33. Be5 Bh6 34. Bc7 a4 35. Ba5 Bg7 36. Bb4 Bf6 37. Ba3 Kg7 38. Bc1 Kh7 39. Bg5 Bg7 40. Bf4 Re7 41. Be5 Bh6 42. Bf6 Re8 43. Re5 Qd7 44. Qe4 Qf7 45. Bg5 Rf8 46. Be3 Qf3 47. Qxf3 Rxf3 48. Kg2 Rf5 49. Rxe6 Bxe3 50. fxe3 c5 51. Rb6 b4 52. cxb4 cxd4 53. exd4 1-0

[Event "Eurasia Open Cup 2019"]
[Site "Ekaterinburg"]
[Date "2019.08.08"]
[Round "8.12"]
[White "Isanzhulov, Arystan"]
[Black "Gleizerov, Evgeny"]
[Result "0-1"]
[ECO "C11"]
[WhiteElo "2278"]
[BlackElo "2498"]
[Annotator "ChessBase"]
[PlyCount "114"]
[EventDate "2019.07.31"]
[EventType "swiss"]
[EventCountry "RUS"]
[SourceTitle "playchess.com"]
[Source "ChessBase"]
[SourceQuality "1"]
[TimeControl "5400+30"]

1. e4 e6 2. d4 d5 3. Nc3 Nf6 4. e5 Nfd7 5. f4 c5 6. Nf3 Qb6 7. Be3 a6 8. a3 Qa7 9. Na4 cxd4 10. Bxd4 b6 11. c4 dxc4 12. Bxc4 Nc6 13. Bf2 Qc7 14. Bd3 b5 15. Nc3 Nc5 16. b4 Nxd3+ 17. Qxd3 Bb7 18. Rc1 Be7 19. O-O Rd8 20. Qb1 Qb8 21. Ne4 Qa8 22. Nc5 O-O 23. f5 exf5 24. Qxf5 Nb8 25. Bh4 Bxh4 26. Nxh4 Bd5 27. Qg4 Qa7 28. Rf6 Be6 29. Nf5 Bxf5 30. Rxf5 Nd7 31. Rg5 g6 32. e6 Nxc5 33. bxc5 fxe6 34. Qxe6+ Qf7 35. Re5 Rde8 36. Qxf7+ Kxf7 37. Rd5 Rd8 38. Rcd1 Rxd5 39. Rxd5 Ke7 40. c6 Rd8 41. c7 Rc8 42. a4 b4 43. Rd4 a5 44. Rd5 Rxc7 45. Rxa5 Rb7 46. Rd5 Ke6 47. Rd1 Ra7 48. h4 Rxa4 49. Rd4 Ke5 50. Rd7 h5 51. Kh2 b3 52. Rb7 Ra3 53. Rb6 Kd4 54. g4 Kc3 55. Rxg6 b2 56. Rc6+ Kd2 57. Rd6+ Kc2 0-1

[Event "Eurasia Open Cup 2019"]
[Site "Ekaterinburg"]
[Date "2019.08.08"]
[Round "8.13"]
[White "Nesterov, Arseniy"]
[Black "Zasukhin, Vadim"]
[Result "1/2-1/2"]
[ECO "D82"]
[WhiteElo "2451"]
[BlackElo "2249"]
[Annotator "ChessBase"]
[PlyCount "141"]
[EventDate "2019.07.31"]
[EventType "swiss"]
[EventCountry "RUS"]
[SourceTitle "playchess.com"]
[Source "ChessBase"]
[SourceQuality "1"]
[TimeControl "5400+30"]

1. d4 Nf6 2. c4 g6 3. Nc3 d5 4. Bf4 Bg7 5. e3 c5 6. dxc5 Qa5 7. Rc1 Ne4 8. Qb3 Nxc3 9. bxc3 dxc4 10. Bxc4 O-O 11. Qb4 Nc6 12. Qxa5 Nxa5 13. Bd5 e6 14. Bc7 exd5 15. Bxa5 Be6 16. Bb4 Rfc8 17. Ne2 Bf8 18. Rb1 Bf5 19. Rb2 Bd3 20. Nd4 Bxc5 21. Bxc5 Rxc5 22. Rxb7 Ra5 23. Rb2 Bc4 24. Kd2 Rxa2 25. Rxa2 Bxa2 26. Ra1 Bc4 27. Nc6 a6 28. Ra5 Kg7 29. Nb4 Rd8 30. Rc5 g5 31. Ke1 Kg6 32. f3 f5 33. Kf2 Kf6 34. Rc6+ Kf7 35. Nxa6 Ra8 36. Nb4 Bb3 37. f4 g4 38. Rc7+ Kg6 39. h3 h5 40. Nc6 Ra2+ 41. Kg3 Kf6 42. Nd4 Bc2 43. Rc6+ Kf7 44. Kh4 Be4 45. hxg4 hxg4 46. g3 Rg2 47. Kg5 Rxg3 48. Rc7+ Ke8 49. Kf6 Rh3 50. Ne6 Rh6+ 51. Ke5 g3 52. Kd6 Rxe6+ 53. Kxe6 Kd8 54. Rd7+ Kc8 55. Rg7 g2 56. Kf6 Kd8 57. Ke6 Kc8 58. Kd6 Bf3 59. Rg3 Kb7 60. Kc5 Kc7 61. Kd4 Kd6 62. Kd3 Kc5 63. Kc2 Kc4 64. Kd2 Kb3 65. Kd3 Kb2 66. Kd2 Kb1 67. Rg8 Bg4 68. Rb8+ Ka2 69. Ra8+ Kb2 70. Rb8+ Ka2 71. Ra8+ 1/2-1/2

[Event "Eurasia Open Cup 2019"]
[Site "Ekaterinburg"]
[Date "2019.08.08"]
[Round "8.14"]
[White "Postnikov, Daniil"]
[Black "Davtyan, Artur"]
[Result "1-0"]
[ECO "C49"]
[WhiteElo "2354"]
[BlackElo "2440"]
[Annotator "NA"]
[PlyCount "59"]
[EventDate "2019.07.31"]
[EventType "swiss"]
[EventCountry "RUS"]
[SourceTitle "playchess.com"]
[Source "ChessBase"]
[SourceQuality "1"]
[TimeControl "5400+30"]

1. e4 e5 2. Nf3 Nc6 3. Nc3 Bb4 4. Bb5 Nf6 5. O-O O-O 6. d3 d6 7. Ne2 Ne7 8. c3 Ba5 9. Ng3 Ng6 10. d4 c6 11. Bd3 Re8 12. Bc2 Bb6 13. h3 h6 14. Re1 Qc7 15. Be3 Be6 16. Qd2 Rad8 17. Nf5 exd4 18. Bxh6 dxc3 19. bxc3 Nxe4 20. Rxe4 Bxf5 21. Rxe8+ Rxe8 22. Bxf5 gxh6 23. Qxh6 Nf8 24. Qg5+ Kh8 25. a4 Qe7 26. Qh6+ Kg8 27. a5 Bc5 28. Ra4 Ng6 29. Bxg6 fxg6 30. Qxg6+ 1-0

[Event "Eurasia Open Cup 2019"]
[Site "Ekaterinburg"]
[Date "2019.08.08"]
[Round "8.15"]
[White "Sivuk, Vitaly"]
[Black "Bublei, Pavel"]
[Result "1-0"]
[ECO "E04"]
[WhiteElo "2546"]
[BlackElo "2353"]
[Annotator "ChessBase"]
[PlyCount "51"]
[EventDate "2019.07.31"]
[EventType "swiss"]
[EventCountry "RUS"]
[SourceTitle "playchess.com"]
[Source "ChessBase"]
[SourceQuality "1"]
[TimeControl "5400+30"]

1. d4 Nf6 2. c4 e6 3. g3 d5 4. Nf3 dxc4 5. Bg2 c5 6. O-O Nc6 7. Qa4 Bd7 8. Qxc4 b5 9. Qc3 Rc8 10. dxc5 Nd5 11. Qc2 Ncb4 12. Qd1 Bxc5 13. e4 Ne7 14. a3 Nbc6 15. b4 Bb6 16. Nc3 Nd4 17. Nxd4 Rxc3 18. Bb2 Rc4 19. Nf3 f6 20. Nd2 Rc7 21. Qh5+ Ng6 22. e5 f5 23. Nf3 Rc2 24. Bd4 O-O 25. Bxb6 Qxb6 26. Rad1 1-0

[Event "Eurasia Open Cup 2019"]
[Site "Ekaterinburg"]
[Date "2019.08.08"]
[Round "8.16"]
[White "Chekletsov, Ilya"]
[Black "Khanin, Semen"]
[Result "0-1"]
[ECO "A02"]
[WhiteElo "2374"]
[BlackElo "2517"]
[Annotator "ChessBase"]
[PlyCount "74"]
[EventDate "2019.07.31"]
[EventType "swiss"]
[EventCountry "RUS"]
[SourceTitle "playchess.com"]
[Source "ChessBase"]
[SourceQuality "1"]
[TimeControl "5400+30"]

1. f4 c5 2. Nf3 Nc6 3. b3 Nf6 4. Bb2 g6 5. e3 Bg7 6. Be2 O-O 7. O-O d6 8. a4 e5 9. fxe5 Ng4 10. Nc3 Ngxe5 11. Nxe5 Bxe5 12. Bf3 Be6 13. Qe2 d5 14. Nd1 Qd6 15. Bxe5 Nxe5 16. Nf2 Rac8 17. Nd3 Nxf3+ 18. Qxf3 Bf5 19. g4 Bxd3 20. cxd3 f5 21. gxf5 Rxf5 22. Qg3 Rxf1+ 23. Rxf1 Qxg3+ 24. hxg3 Rc6 25. Kf2 Rf6+ 26. Ke2 Rxf1 27. Kxf1 Kf7 28. g4 h6 29. Ke2 Ke6 30. Kf3 Ke5 31. Kf2 b6 32. Kg3 a6 33. Kf3 b5 34. axb5 axb5 35. Kf2 b4 36. Ke2 h5 37. gxh5 gxh5 0-1

[Event "Eurasia Open Cup 2019"]
[Site "Ekaterinburg"]
[Date "2019.08.08"]
[Round "8.17"]
[White "Tunik, Gennady"]
[Black "Bocharov, Dmitry"]
[Result "0-1"]
[ECO "D47"]
[WhiteElo "2371"]
[BlackElo "2506"]
[Annotator "ChessBase"]
[PlyCount "64"]
[EventDate "2019.07.31"]
[EventType "swiss"]
[EventCountry "RUS"]
[SourceTitle "playchess.com"]
[Source "ChessBase"]
[SourceQuality "1"]
[TimeControl "5400+30"]

1. d4 Nf6 2. Nf3 e6 3. c4 d5 4. Nc3 dxc4 5. e3 a6 6. Bxc4 b5 7. Be2 Bb7 8. O-O Nbd7 9. a4 b4 10. Nb1 c5 11. Nbd2 Be7 12. a5 O-O 13. Nc4 Qc7 14. b3 cxd4 15. exd4 Rad8 16. Bd2 Ne4 17. Qc1 Nxd2 18. Ncxd2 Qb8 19. Nc4 Nf6 20. Nce5 Nd5 21. Nc6 Bxc6 22. Qxc6 Rd6 23. Qc2 Nc3 24. Bc4 Bf6 25. Rae1 Rfd8 26. Ne5 Bxe5 27. dxe5 Rd2 28. Qc1 Qa7 29. h3 h6 30. Re3 Qc5 31. Bxa6 Qxa5 32. Bc4 Rd1 0-1

[Event "Eurasia Open Cup 2019"]
[Site "Ekaterinburg"]
[Date "2019.08.08"]
[Round "8.18"]
[White "Hamitevici, Vladimir"]
[Black "Fotin, Vladimir"]
[Result "1/2-1/2"]
[ECO "D32"]
[WhiteElo "2480"]
[BlackElo "2368"]
[Annotator "ChessBase"]
[PlyCount "80"]
[EventDate "2019.07.31"]
[EventType "swiss"]
[EventCountry "RUS"]
[SourceTitle "playchess.com"]
[Source "ChessBase"]
[SourceQuality "1"]
[TimeControl "5400+30"]

1. c4 Nf6 2. Nc3 e6 3. Nf3 d5 4. e3 c5 5. cxd5 exd5 6. d4 a6 7. Be2 Nc6 8. O-O cxd4 9. Nxd4 Bd6 10. Nxc6 bxc6 11. b3 Qc7 12. h3 Qe7 13. Qd3 Qe5 14. f4 Qe7 15. Bf3 a5 16. Qc2 O-O 17. e4 Bc5+ 18. Kh1 dxe4 19. Nxe4 Bd4 20. Rb1 Bf5 21. Nxf6+ Qxf6 22. Be4 Bxe4 23. Qxe4 Rfe8 24. Qf3 c5 25. a4 Qf5 26. Bd2 h6 27. Rbc1 Rab8 28. Rc4 Re7 29. Rfc1 Reb7 30. Bxa5 Rxb3 31. Bc3 Re8 32. Qg4 Qe4 33. Bxd4 cxd4 34. f5 Qxg4 35. hxg4 d3 36. Rd4 Ra3 37. Kh2 d2 38. Rd1 Ra8 39. R1xd2 R3xa4 40. Rxa4 Rxa4 1/2-1/2

[Event "Eurasia Open Cup 2019"]
[Site "Ekaterinburg"]
[Date "2019.08.08"]
[Round "8.19"]
[White "Guseva, Marina"]
[Black "Balashov, Yuri S"]
[Result "1/2-1/2"]
[ECO "E32"]
[WhiteElo "2379"]
[BlackElo "2474"]
[Annotator "ChessBase"]
[PlyCount "227"]
[EventDate "2019.07.31"]
[EventType "swiss"]
[EventCountry "RUS"]
[SourceTitle "playchess.com"]
[Source "ChessBase"]
[SourceQuality "1"]
[TimeControl "5400+30"]

1. d4 Nf6 2. c4 e6 3. Nc3 Bb4 4. Qc2 O-O 5. a3 Bxc3+ 6. Qxc3 d6 7. Bg5 Re8 8. Nf3 Nbd7 9. e3 b6 10. Nd2 Bb7 11. Qc2 h6 12. Bh4 c5 13. dxc5 bxc5 14. f3 a5 15. Be2 d5 16. O-O Qb6 17. Bf2 Rec8 18. b3 Ba6 19. Rfc1 Ne8 20. Bf1 Nd6 21. cxd5 exd5 22. Bxa6 Qxa6 23. e4 d4 24. a4 Ne5 25. Bg3 Nd3 26. Rf1 Nb4 27. Qd1 Rab8 28. Rf2 Rb6 29. Qf1 Nd3 30. Re2 Re8 31. Rb1 Nb7 32. Nc4 Rbe6 33. Rd2 Nb4 34. Rc1 Qa8 35. Na3 Qd8 36. Nc4 Kh8 37. h3 Qg5 38. Kh2 f5 39. f4 Qh5 40. e5 Nd5 41. Rd3 Nb4 42. Rf3 Rd8 43. Be1 Nc6 44. Nb2 Qf7 45. Nd3 Rd5 46. Rf2 Nb8 47. Rfc2 Nd7 48. Nb2 Nb6 49. Qf3 Re8 50. Nd3 Nd7 51. Bd2 Rf8 52. Re1 Qe6 53. Rb1 Nb8 54. Rbc1 Na6 55. Nb2 Rd7 56. Nc4 Nb4 57. Bxb4 axb4 58. Qd3 Ra8 59. Kh1 Rf7 60. Qf3 Ra6 61. Re2 Qc6 62. Qd3 Ra8 63. e6 Rf6 64. e7 Re8 65. Rce1 Qc7 66. Qf3 Kh7 67. Re5 Nd6 68. Nxd6 Qxd6 69. Rd5 Rxe7 70. Ree5 Qc7 71. Rxc5 Qd7 72. Qd3 Rxe5 73. fxe5 Rg6 74. Qf3 Qe7 75. Rd5 Qh4 76. Kh2 Qe1 77. a5 Qc3 78. Rd6 Rxd6 79. exd6 Qc5 80. Qf4 Qxa5 81. Qxd4 Kg6 82. d7 Qc7+ 83. Kg1 Qd8 84. Qd6+ Kf7 85. Kf1 g5 86. Kg1 h5 87. Kh1 g4 88. Kh2 h4 89. hxg4 fxg4 90. Qf4+ Ke7 91. Qxb4+ Kxd7 92. Qxg4+ Kc6 93. Kh3 Qe7 94. b4 Qe1 95. Qc4+ Kb6 96. Qd4+ Kb5 97. Qxh4 Qh1+ 98. Kg3 Qe1+ 99. Kg4 Qxb4+ 100. Kh5 Qb2 101. Qg5+ Kc6 102. g4 Kd7 103. Kg6 Qb3 104. Qf6 Ke8 105. g5 Qb1+ 106. Kg7 Qb7+ 107. Kg8 Qd5+ 108. Kh7 Qh1+ 109. Qh6 Qb7+ 110. Kh8 Qb2+ 111. Kh7 Qb7+ 112. Kh8 Qb2+ 113. Kh7 Qb7+ 114. Kh8 1/2-1/2

[Event "Eurasia Open Cup 2019"]
[Site "Ekaterinburg"]
[Date "2019.08.08"]
[Round "8.20"]
[White "Semenova, Elena"]
[Black "Kezin, Roman"]
[Result "0-1"]
[ECO "B47"]
[WhiteElo "2286"]
[BlackElo "2470"]
[Annotator "ChessBase"]
[PlyCount "101"]
[EventDate "2019.07.31"]
[EventType "swiss"]
[EventCountry "RUS"]
[SourceTitle "playchess.com"]
[Source "ChessBase"]
[SourceQuality "1"]
[TimeControl "5400+30"]

1. e4 c5 2. Nf3 e6 3. d4 cxd4 4. Nxd4 Nc6 5. Nc3 Qc7 6. Qd3 Nf6 7. Ndb5 Qb8 8. Qg3 d6 9. Be3 a6 10. Nd4 Bd7 11. Bd3 b5 12. f3 Nxd4 13. Bxd4 b4 14. Ne2 e5 15. Be3 Be7 16. O-O O-O 17. Rad1 Qb7 18. Kh1 Be6 19. Rd2 Rac8 20. Rfd1 a5 21. Qe1 Rfd8 22. Ng3 g6 23. Qe2 Rc7 24. Ba6 Qb8 25. Bg5 Kg7 26. Nf1 Ng8 27. Bxe7 Nxe7 28. Rxd6 Rxd6 29. Rxd6 Rxc2 30. Qxc2 Qxd6 31. Bb5 f5 32. Ba4 fxe4 33. fxe4 Bc8 34. Nd2 Bb7 35. h3 Ng8 36. Nb3 Nf6 37. Nc5 Bc8 38. Bb3 Qd4 39. Nd3 Ba6 40. Qc7+ Qd7 41. Qxd7+ Nxd7 42. Nf2 Nc5 43. Bc2 a4 44. a3 b3 45. Bb1 Kf6 46. Kh2 Be2 47. g4 h6 48. Kg3 Ke6 49. Kg2 Kd6 50. h4 Kc6 51. g5 0-1

[Event "Eurasia Open Cup 2019"]
[Site "Ekaterinburg"]
[Date "2019.08.08"]
[Round "8.21"]
[White "Mamatov, Melis"]
[Black "Ulybin, Mikhail"]
[Result "0-1"]
[ECO "C06"]
[WhiteElo "2269"]
[BlackElo "2469"]
[Annotator "ChessBase"]
[PlyCount "92"]
[EventDate "2019.07.31"]
[EventType "swiss"]
[EventCountry "RUS"]
[SourceTitle "playchess.com"]
[Source "ChessBase"]
[SourceQuality "1"]
[TimeControl "5400+30"]

1. e4 e6 2. d4 d5 3. Nd2 Nf6 4. e5 Nfd7 5. Bd3 c5 6. c3 Nc6 7. Ngf3 a6 8. O-O g5 9. dxc5 g4 10. Nd4 Ndxe5 11. N2b3 Nxd3 12. Qxd3 e5 13. Re1 Bg7 14. Bf4 f6 15. Nf5 Bxf5 16. Qxf5 O-O 17. Bg3 Qc8 18. Qh5 f5 19. Rad1 f4 20. Bh4 Qe6 21. c4 dxc4 22. Rd6 Qf7 23. Qxf7+ Rxf7 24. Nd2 Bf8 25. Rd5 Nb4 26. Rdxe5 Nd3 27. Re8 Nxe1 28. Rxa8 Rd7 29. Kf1 f3 30. gxf3 Nxf3 31. Nxf3 gxf3 32. Ke1 Kf7 33. Rc8 c3 34. bxc3 Bg7 35. Rd8 Bxc3+ 36. Kf1 Rxd8 37. Bxd8 Ke6 38. h3 Kd5 39. Be7 Bd4 40. Ke1 Bxc5 41. Bh4 Kc4 42. Kd2 b5 43. Bg3 a5 44. Kc2 a4 45. Bh4 b4 46. Bg3 Bd4 0-1

[Event "Eurasia Open Cup 2019"]
[Site "Ekaterinburg"]
[Date "2019.08.08"]
[Round "8.22"]
[White "Kozionov, Kirill"]
[Black "Ovchinnikov, Vsevolod"]
[Result "1-0"]
[ECO "E63"]
[WhiteElo "2454"]
[BlackElo "2346"]
[Annotator "ChessBase"]
[PlyCount "83"]
[EventDate "2019.07.31"]
[EventType "swiss"]
[EventCountry "RUS"]
[SourceTitle "playchess.com"]
[Source "ChessBase"]
[SourceQuality "1"]
[TimeControl "5400+30"]

1. d4 Nf6 2. c4 g6 3. g3 Bg7 4. Bg2 O-O 5. Nf3 d6 6. O-O Nc6 7. Nc3 a6 8. b3 Rb8 9. d5 Na5 10. Bg5 c5 11. dxc6 bxc6 12. Qd2 c5 13. Bh6 Bb7 14. Bxg7 Kxg7 15. Ne1 Qb6 16. Rd1 Nc6 17. Nc2 Nb4 18. e4 Qa5 19. Nxb4 cxb4 20. Nd5 Bxd5 21. exd5 Qc5 22. Rde1 Rb7 23. Re2 Ra8 24. Rfe1 Raa7 25. h4 h5 26. Bh3 a5 27. Kg2 a4 28. f3 axb3 29. axb3 Rc7 30. g4 hxg4 31. fxg4 Nd7 32. Qf4 Ne5 33. Rf1 Rc8 34. Rxe5 Ra2+ 35. Kh1 dxe5 36. Qxf7+ Kh8 37. g5 Qd4 38. Qxg6 Qxh4 39. Qf5 Rg8 40. Qxe5+ Rg7 41. Rf8+ Kh7 42. g6+ 1-0

[Event "Eurasia Open Cup 2019"]
[Site "Ekaterinburg"]
[Date "2019.08.08"]
[Round "8.23"]
[White "Pranizin, Gennady"]
[Black "Savitskiy, Sergey"]
[Result "0-1"]
[ECO "B24"]
[WhiteElo "2232"]
[BlackElo "2418"]
[Annotator "NA"]
[PlyCount "120"]
[EventDate "2019.07.31"]
[EventType "swiss"]
[EventCountry "RUS"]
[SourceTitle "playchess.com"]
[Source "ChessBase"]
[SourceQuality "1"]
[TimeControl "5400+30"]

1. e4 c5 2. Nc3 Nc6 3. g3 g6 4. Bg2 Bg7 5. Nge2 e6 6. O-O Nge7 7. d3 O-O 8. Bg5 h6 9. Be3 Nd4 10. Qd2 Kh7 11. Bxd4 cxd4 12. Nb5 Qb6 13. Qb4 Nc6 14. Qa4 Qc5 15. c3 dxc3 16. Nbxc3 a6 17. Rac1 b5 18. Qd1 Qb6 19. Qd2 Bb7 20. Qe3 Qxe3 21. fxe3 Ne5 22. Rfd1 Ng4 23. Bf3 Nxe3 24. Re1 Nf5 25. Kg2 Nd4 26. Nxd4 Bxd4 27. e5 Bxf3+ 28. Kxf3 f6 29. exf6 Rxf6+ 30. Ke4 Bf2 31. Re2 Rc8 32. Rcc2 Bb6 33. Nd1 Rf5 34. d4 Rc4 35. Red2 d5+ 36. Ke3 e5 37. Ke2 Bxd4 38. Ne3 Bxe3 39. Rxc4 bxc4 40. Kxe3 e4 41. Kd4 Rf3 42. Ke5 Rd3 43. Rf2 e3 44. Rf7+ Kg8 45. Kf6 Rd2 46. Rg7+ Kf8 47. Rf7+ Ke8 48. Re7+ Kd8 49. Rxe3 Rxb2 50. Ke5 Rd2 51. Kd6 d4 52. Ra3 c3 53. Rxa6 Ke8 54. a4 c2 55. Rc6 d3 56. Rc8+ Kf7 57. Rc7+ Kf6 58. a5 Rd1 59. a6 c1=Q 60. a7 Qxc7+ 0-1

[Event "Eurasia Open Cup 2019"]
[Site "Ekaterinburg"]
[Date "2019.08.08"]
[Round "8.24"]
[White "Radzhabov, Rodion"]
[Black "Schepetkova, Margarita"]
[Result "1/2-1/2"]
[ECO "A07"]
[WhiteElo "2404"]
[BlackElo "2241"]
[Annotator "NA"]
[PlyCount "81"]
[EventDate "2019.07.31"]
[EventType "swiss"]
[EventCountry "RUS"]
[SourceTitle "playchess.com"]
[Source "ChessBase"]
[SourceQuality "1"]
[TimeControl "5400+30"]

1. Nf3 d5 2. g3 Nf6 3. Bg2 c6 4. O-O Bg4 5. d3 Nbd7 6. Nbd2 e5 7. h3 Bh5 8. e4 dxe4 9. dxe4 Bc5 10. Qe1 O-O 11. Nb3 Bd6 12. Nh4 Re8 13. Nf5 Bf8 14. a4 Qc7 15. Bd2 Rad8 16. f3 Bg6 17. Ne3 Be7 18. a5 Nf8 19. Nc4 Ne6 20. Be3 Nd4 21. Nxd4 exd4 22. Bf4 Qc8 23. g4 Qe6 24. Ne5 Bd6 25. Nd3 Nd7 26. Bxd6 Qxd6 27. Qd2 f6 28. b3 c5 29. Rae1 b5 30. axb6 axb6 31. g5 b5 32. gxf6 Qxf6 33. f4 Bf7 34. e5 Qb6 35. f5 c4 36. bxc4 bxc4 37. e6 cxd3 38. cxd3 Nf6 39. exf7+ Kxf7 40. Qa2+ Kf8 41. Re6 1/2-1/2

[Event "Eurasia Open Cup 2019"]
[Site "Ekaterinburg"]
[Date "2019.08.08"]
[Round "8.25"]
[White "Novikov, Evgenij"]
[Black "Popov, Mikhail"]
[Result "1/2-1/2"]
[ECO "E94"]
[WhiteElo "2164"]
[BlackElo "2397"]
[Annotator "NA"]
[PlyCount "81"]
[EventDate "2019.07.31"]
[EventType "swiss"]
[EventCountry "RUS"]
[SourceTitle "playchess.com"]
[Source "ChessBase"]
[SourceQuality "1"]
[TimeControl "5400+30"]

1. d4 g6 2. Nf3 Bg7 3. c4 Nf6 4. Nc3 O-O 5. e4 d6 6. Be2 Na6 7. O-O e5 8. dxe5 dxe5 9. Qxd8 Rxd8 10. Bg5 Re8 11. Ne1 Nc5 12. f3 Ne6 13. Be3 c6 14. Nc2 Nf4 15. Rfd1 Nxe2+ 16. Nxe2 Be6 17. b3 Nh5 18. g4 Nf4 19. Nxf4 exf4 20. Bd4 f6 21. Ne1 Red8 22. Bc3 b6 23. Nd3 g5 24. Nb4 Bd7 25. Rd2 Be8 26. Rad1 Rxd2 27. Rxd2 a5 28. Nc2 h5 29. h3 hxg4 30. hxg4 Kf7 31. Kf1 b5 32. Nd4 b4 33. Bb2 Rd8 34. Bc1 Bf8 35. Nf5 Rxd2 36. Bxd2 c5 37. Ke2 a4 38. Kd3 a3 39. Be1 Ke6 40. Bf2 Bc6 41. Bg1 1/2-1/2

[Event "Eurasia Open Cup 2019"]
[Site "Ekaterinburg"]
[Date "2019.08.08"]
[Round "8.26"]
[White "Kotlyar, Kirill"]
[Black "Averyanov, Grigori"]
[Result "1-0"]
[ECO "E11"]
[WhiteElo "2387"]
[BlackElo "2131"]
[Annotator "NA"]
[PlyCount "103"]
[EventDate "2019.07.31"]
[EventType "swiss"]
[EventCountry "RUS"]
[SourceTitle "playchess.com"]
[Source "ChessBase"]
[SourceQuality "1"]
[TimeControl "5400+30"]

1. Nf3 Nf6 2. d4 e6 3. c4 Bb4+ 4. Nbd2 d5 5. Qa4+ Nc6 6. Ne5 Bd7 7. Nxd7 Qxd7 8. e3 Ne4 9. Qc2 O-O-O 10. Bd3 Bxd2+ 11. Bxd2 Nxd2 12. Qxd2 e5 13. O-O exd4 14. exd4 dxc4 15. Bxc4 Nxd4 16. Qa5 Kb8 17. Rfd1 Qg4 18. Rdc1 Nc2 19. Bd5 Qf5 20. Qc3 Rxd5 21. Rxc2 Qd7 22. Re2 f6 23. Rae1 Rd1 24. Rxd1 Qxd1+ 25. Re1 Qd7 26. Qe3 Rd8 27. h4 a6 28. Qe7 Qd2 29. Re2 Qc1+ 30. Kh2 Rd4 31. g3 Rd1 32. Qxg7 Rh1+ 33. Kg2 Qc6+ 34. Re4 Rxh4 35. gxh4 Qxe4+ 36. Kg3 Qg6+ 37. Qxg6 hxg6 38. Kg4 Kc8 39. f4 Kd7 40. f5 g5 41. hxg5 fxg5 42. Kxg5 Ke7 43. Kg6 Kf8 44. a4 b6 45. Kf6 c5 46. Ke6 b5 47. axb5 axb5 48. Kd5 c4 49. Kc5 Ke7 50. Kxb5 Kf6 51. Kxc4 Kxf5 52. Kd5 1-0